 Dungeon Crawl Stone Soup version 0.18.1-48-g4cf74bf (webtiles) character file.

20 torvon the Skirmisher (level 3, -4/29 HPs)
             Began as a Formicid Abyssal Knight on Aug 11, 2016.
             Was a Follower of Lugonu.
             Slain by Terence
             ... wielding a +4 flail of draining
              (9 damage)
             ... on level 1 of the Dungeon.
             The game lasted 00:05:22 (1166 turns).

torvon the Skirmisher (Formicid Abyssal Knight)     Turns: 1166, Time: 00:05:22

Health: -4/29      AC:  3    Str: 17    XL:     3   Next: 0%
Magic:  5/5        EV: 11    Int: 11    God:    Lugonu [*.....]
Gold:   38         SH:  0    Dex: 10    Spells: 0 memorised, 2 levels left

rFire  . . .     SeeInvis +     a - +1 mace
rCold  . . .     Gourm    .     b - +0 leather armour
rNeg   . . .     Faith    .     (no shield)
rPois  .         Spirit   .     (helmet unavailable)
rElec  .         Dismiss  .     (no cloak)
rCorr  .         Reflect  .     (no gloves)
SustAt +         Harm     .     (no boots)
MR     .....                    (no amulet)
Stlth  +.........               (no ring)
                                g - ring of sustain attributes

@: heavily drained, not resistant to hostile enchantments, very unstealthy
A: permanent stasis, dig shafts and tunnels, four strong arms, antennae 3
a: Dig, Shaft Self, Depart the Abyss, Renounce Religion


You were on level 1 of the Dungeon.
You worshipped Lugonu.
Lugonu was aware of your devotion.
You were full.

You visited 1 branch of the dungeon, and saw 2 of its levels.
You visited the Abyss 1 time.

You collected 38 gold pieces.

Inventory:

Hand Weapons
 a - a +1 mace (weapon)
 e - a +0 club
 l - a +0 dagger
Armour
 b - a +0 leather armour (worn)
 p - a +0 leather armour
Jewellery
 g - a ring of sustain attributes (left hand)
Scrolls
 d - a scroll of fog {unknown}
 f - a scroll of random uselessness {unknown}
 i - a scroll of identify {unknown}
 j - a scroll of remove curse {unknown}
 k - 2 scrolls of teleportation {unknown}
 n - a scroll of enchant armour {unknown}
 o - a scroll of recharging {unknown}
Potions
 h - 2 potions of brilliance {unknown}
 m - a potion of degeneration {unknown}
Comestibles
 c - a bread ration


   Skills:
 + Level 3.5(1.9) Fighting
 + Level 2.6(1.1) Maces & Flails
 - Level 2.1(0.6) Armour
 - Level 0.8(0.0) Dodging
 + Level 2.7(1.1) Invocations


You had 2 spell levels left.
You didn't know any spells.

Dungeon Overview and Level Annotations

Branches:
Dungeon (2/15)

Altars:

Annotations:
D:1 Terence


Innate Abilities, Weirdness & Mutations

You are under a permanent stasis effect.
You can dig through walls and to a lower floor.
Your four strong arms can wield two-handed weapons with a shield.
You have a pair of large antennae on your head (SInv).


Message History

There is a stone staircase leading down here.
You hit Terence but do no damage.
Terence is lightly wounded.
Terence barely misses you.
You closely miss Terence.
Terence is lightly wounded.
Terence closely misses you.
You closely miss Terence.
Terence is lightly wounded.
Terence completely misses you.
You hit Terence.
Terence is moderately wounded.
Terence hits you with a flail of draining.
* * * LOW HITPOINT WARNING * * *
You feel drained.
* * * LOW HITPOINT WARNING * * *
You closely miss Terence.
Terence is moderately wounded.
Terence hits you with a flail of draining!
You die...

.......................#
.#####################.#
.# #.# .# #.# .# #.# .#
### #.# .# #.# #.#
.########.############.#
................@......#
.##...#####.#....@.....#
.##...#####.#..........#
............#..........#
...##########.........##
...####...............#
.....##.........#######
.....##.........#
.....'..........#


You could see Terence.

Vanquished Creatures
  A ball python (D:2)
  3 bats (D:1)
  2 giant cockroaches (D:1)
  A hobgoblin (D:1)
  4 jackals (D:1)
  2 goblins (D:1)
  3 kobolds (D:1)
  2 rats (D:1)
18 creatures vanquished.

Notes
Turn   | Place    | Note
--------------------------------------------------------------
     0 | Abyss:1  | torvon the Formicid Abyssal Knight began the quest for the Orb.
     0 | Abyss:1  | Reached XP level 1. HP: 18/18 MP: 2/2
    33 | Abyss:1  | Found a corrupted altar of Lugonu.
   100 | D:1      | Escaped the Abyss
   303 | D:1      | Reached XP level 2. HP: 24/24 MP: 3/3
  1074 | D:2      | Reached XP level 3. HP: 28/29 MP: 5/5
  1091 | D:2      | Noticed Terence
  1166 | D:1      | Slain by Terence

Action                   || total
-------------------------++-------
Melee: Mace              ||    54
 Abil: Dig               ||     1
  Eat: Meat ration       ||     1
Armor: Leather armour    ||    16
Dodge: Dodged            ||    42
